 Dungeon Crawl Stone Soup version 0.19.1 (webtiles) character file.

3749 Monsterracer the Cleaver (level 10, -1/84 HPs)
             Began as a Hill Orc Fighter on Nov 24, 2016.
             Was a Believer of Beogh.
             Slain by an unseen horror (8 damage)
             ... on level 9 of the Dungeon.
             The game lasted 00:15:38 (6241 turns).

Monsterracer the Cleaver (Hill Orc Fighter)         Turns: 6241, Time: 00:15:39

Health: -1/84      AC: 20    Str: 20    XL:     10   Next: 15%
Magic:  14/14      EV:  3    Int:  8    God:    Beogh [**....]
Gold:   535        SH:  9    Dex: 13    Spells: 0 memorised, 9 levels left

rFire  . . .     SeeInvis .     t - +1 broad axe
rCold  . . .     Gourm    .     x - +0 plate armour
rNeg   . . .     Faith    .     c - +0 shield
rPois  .         Spirit   .     b - +0 helmet
rElec  .         Reflect  .     (no cloak)
rCorr  +         Harm     .     (no gloves)
MR     .....     Rnd*Tele +     (no boots)
Stlth  ..........               (no amulet)
                                a - ring of resist corrosion
                                g - +6 ring of protection

@: no status effects
A: teleportitis 1
a: Smiting, Renounce Religion


You were on level 9 of the Dungeon.
You worshipped Beogh.
Beogh was pleased with you.
You were hungry.

You visited 1 branch of the dungeon, and saw 9 of its levels.

You collected 535 gold pieces.

Inventory:

Hand Weapons
 t - a +1 broad axe (weapon)
Armour
 b - a +0 helmet (worn)
 c - a +0 shield (worn)
 x - a +0 plate armour (worn)
Jewellery
 a - a ring of resist corrosion (right hand)
 g - a +6 ring of protection (left hand)
 n - an uncursed ring of teleportation
Wands
 e - a wand of lightning (15/15)
 p - a wand of iceblast (11/15)
 q - a wand of lightning (4/15)
 s - a wand of digging (14/24)
Scrolls
 h - 3 scrolls of enchant armour
 i - 3 scrolls of identify
 k - 7 scrolls of remove curse
 l - 3 scrolls of fear
 r - a scroll of recharging
 u - a scroll of enchant weapon
 v - 2 scrolls of magic mapping
 w - a scroll of teleportation
Potions
 d - 2 potions of might
 o - 5 potions of curing
Comestibles
 f - 9 bread rations
 j - 4 meat rations
 m - a beef jerky
 z - 3 fruits


   Skills:
 + Level 6.5 Fighting
 * Level 14.8 Axes
 + Level 6.1 Armour
 - Level 3.2 Shields
 + Level 5.5 Invocations


You had 9 spell levels left.
You didn't know any spells.

Dungeon Overview and Level Annotations

Branches:
Dungeon (9/15)             Temple (0/1) D:6
   Lair: D:8-11         Orc: D:9-12

Altars:
Elyvilon
Makhleb
Nemelex Xobeh
Qazlal
Trog
Xom
Yredelemnul
Zin
The Shining One


Innate Abilities, Weirdness & Mutations

You are occasionally teleported next to monsters.


Message History

You block something's attack. Something hits you.
* * * LOW HITPOINT WARNING * * *
Okay, then.
You feel better. Something hits you but does no damage.
Something hits you but does no damage. Something hits you!
* * * LOW HITPOINT WARNING * * *
Something hits you but does no damage. Something hits you.
* * * LOW HITPOINT WARNING * * *
Something hits you but does no damage. x2
Something hits you.
* * * LOW HITPOINT WARNING * * *
Something hits you!
* * * LOW HITPOINT WARNING * * *
Something hits you but does no damage. Something hits you.
* * * LOW HITPOINT WARNING * * *
You barely miss something. Something hits you!
You die...

. #.# .. #.# #.##.# #.##.# .
#.##.###### # #....##...#
####### #
#....##...#######.....#########
#...>.........@{......+......##
#....##...#######.....###......
#.######..# #...........#.# #.#
#)[#..# #...........#.# #.#.#
#.(#..# #...........#.. #.#.#
#'##(.# ######......##. #.#.#
#.....# ######......##.
#.#.######### #...##......##.
#.....# #...##......###


There were no monsters in sight!

Vanquished Creatures
  A centaur warrior (D:8)
  The ghost of Philosophy the Cleaver, a novice HOFi of Okawaru (D:8)
  The ghost of feelmyfire the Thaumaturge, a novice DECj of Vehumet (D:6)
  A troll (D:9)
  A spriggan (D:7)
  An orc warrior (D:9)
  3 ogres
  2 necrophages
  A centaur (D:6)
  Blork the orc (D:6)
  A bullfrog (D:7)
  A wyvern zombie (D:8)
  A scorpion (D:9)
  A howler monkey (D:8)
  A crimson imp (D:6)
  3 bullfrog zombies
  2 hounds
  2 centaur zombies (D:6)
  4 orc wizards
  A bullfrog skeleton (D:5)
  3 orc priests
  2 jellies
  6 iguanas
  2 worker ants (D:4)
  3 hound skeletons
  7 adders
  A shadow imp (D:9)
  An adder skeleton (D:3)
  3 dart slugs
  6 leopard geckos
  16 orcs
  9 giant cockroaches
  7 goblins
  5 hobgoblins
  14 jackals
  9 kobolds
  2 quokkas
  3 bats
  3 frilled lizards
  A giant cockroach zombie (D:6)
  A leopard gecko skeleton (D:6)
  A leopard gecko zombie (D:6)
  9 rats
144 creatures vanquished.

Vanquished Creatures (others)
  A crimson imp (D:4)
  9 fungi (D:5)
10 creatures vanquished.

Grand Total: 154 creatures vanquished

Notes
Turn   | Place    | Note
-------+----------+-------------------------------------------
     0 | D:1      | Monsterracer the Hill Orc Fighter began the quest for the Orb.
     0 | D:1      | Reached XP level 1. HP: 19/19 MP: 1/1
    57 | D:1      | Reached skill level 3 in Axes
   110 | D:1      | Reached XP level 2. HP: 26/26 MP: 2/2
   209 | D:1      | Reached skill level 4 in Axes
   441 | D:2      | Gained mutation: Your spells are a little harder to cast, but a little more powerful. [potion of mutation]
   441 | D:2      | Gained mutation: You are occasionally teleported next to monsters. [potion of mutation]
   441 | D:2      | Lost mutation: Your spells are a little harder to cast, but a little more powerful. [potion of mutation]
   480 | D:2      | Reached XP level 3. HP: 31/31 MP: 3/3
   544 | D:2      | Reached skill level 5 in Axes
   604 | D:2      | Found a stormy altar of Qazlal.
   757 | D:3      | Reached XP level 4. HP: 33/39 MP: 4/4
   960 | D:3      | Reached skill level 6 in Axes
   975 | D:3      | Reached XP level 5. HP: 28/45 MP: 5/5
   989 | D:3      | Reached skill level 7 in Axes
  2089 | D:4      | Reached skill level 8 in Axes
  2089 | D:4      | Reached XP level 6. HP: 46/51 MP: 6/6
  2192 | D:4      | Became a worshipper of Beogh the Brigand
  2348 | D:4      | Reached skill level 9 in Axes
  2680 | D:5      | Entered Level 5 of the Dungeon
  2726 | D:5      | Noticed a necrophage
  2732 | D:5      | Killed a necrophage
  2732 | D:5      | Reached XP level 7. HP: 55/56 MP: 7/7
  2738 | D:5      | Reached skill level 10 in Axes
  2972 | D:5      | Noticed an angel
  2973 | D:5      | Found a shimmering altar of Xom.
  2973 | D:5      | Found a glowing silver altar of Zin.
  3221 | D:6      | Reached skill level 11 in Axes
  3222 | D:6      | Reached XP level 8. HP: 13/63 MP: 8/8
  3354 | D:6      | Found a staircase to the Ecumenical Temple.
  3509 | D:6      | Noticed feelmyfire's ghost (novice DECj)
  3517 | D:6      | Noticed Blork the orc
  3520 | D:6      | Killed feelmyfire's ghost
  3520 | D:6      | Reached skill level 12 in Axes
  3522 | D:6      | Killed Blork the orc
  3627 | D:6      | Found a glowing golden altar of the Shining One.
  3727 | D:6      | Reached * piety under Beogh
  3798 | D:6      | Reached skill level 13 in Axes
  3798 | D:6      | Reached skill level 1 in Invocations
  3916 | D:6      | Found a basalt altar of Yredelemnul.
  3916 | D:6      | Found a bloodstained altar of Trog.
  3960 | D:6      | Found a burning altar of Makhleb.
  4214 | D:7      | Noticed a spriggan baker
  4240 | D:7      | Killed a spriggan baker
  4488 | D:7      | Found a white marble altar of Elyvilon.
  4516 | D:7      | Reached XP level 9. HP: 70/71 MP: 10/10
  4872 | D:8      | Noticed a centaur warrior
  4888 | D:8      | Killed a centaur warrior
  4888 | D:8      | Reached skill level 5 in Fighting
  4888 | D:8      | Reached skill level 14 in Axes
  4888 | D:8      | Reached skill level 5 in Armour
  5124 | D:8      | Found a sparkling altar of Nemelex Xobeh.
  5277 | D:8      | Noticed Philosophy's ghost (novice HOFi)
  5287 | D:8      | Killed Philosophy's ghost
  5577 | D:8      | Reached XP level 10. HP: 73/82 MP: 13/13
  5721 | D:9      | Reached ** piety under Beogh
  5723 | D:9      | Reached skill level 5 in Invocations
  6241 | D:9      | Slain by an unseen horror

Skill      XL: |  1  2  3  4  5  6  7  8  9 10 |
---------------+-------------------------------+-----
Axes           | 3 4 5 6 8 9 11 13 14 | 14.8
Invocations    | 2 4 5 |  5.5
Fighting       | 4 6 |  6.5
Armour         | 4 5 6 |  6.1
Shields        | |  3.2

Action                   |  1- 3 |  4- 6 |  7- 9 | 10-12 || total
-------------------------+-------+-------+-------+-------++-------
Melee: War axe           |   103 |   160 |    16 |       ||   279
       Broad axe         |       |       |   175 |    76 ||   251
Invok: Convert to Beogh  |       |     1 |       |       ||     1
  Use: Potion            |     7 |       |     4 |     1 ||    12
       Scroll            |     3 |     3 |     7 |       ||    13
 Stab: Invisible         |     3 |       |     2 |       ||     5
  Eat: Chunk             |       |     6 |     5 |     2 ||    13
       Bread ration      |       |       |     1 |       ||     1
Armor: Scale mail        |    14 |       |       |       ||    14
       Chain mail        |    59 |   108 |    88 |       ||   255
       Plate armour      |       |       |     6 |   100 ||   106
Dodge: Dodged            |    25 |    35 |    33 |     6 ||    99
Block: Shield            |    43 |    73 |    63 |    41 ||   220
